 Dungeon Crawl Stone Soup version 0.31-a0-117-g42d8f58691 (webtiles) character file.

Game seed: 13967138859814845038

168 loir the Ducker (level 5, -1/42 HPs)
             Began as a Merfolk Gladiator on May 30, 2023.
             Slain by Blork the orc
             ... wielding a +0 halberd
              (10 damage)
             ... on level 4 of the Dungeon.
             The game lasted 00:11:22 (1645 turns).

loir the Ducker (Merfolk Gladiator)                 Turns: 1645, Time: 00:11:22

Health: -1/42      AC: 18    Str: 18    XL:     5   Next: 49%
Magic:  5/5        EV:  9    Int:  2    God:
Gold:   152        SH:  0    Dex: 16    Spells: 4/4 levels left

rFire   . . .        a - +1 trident (heavy)
rCold   + . .        (no shield)
rNeg    + + .        h - +8 chain mail "Enougro" {rElec rC+ rN++ Str+2 Int-5}
rPois   .            c - +0 helmet
rElec   +            q - +0 cloak
rCorr   .            (no gloves)
SInv    .            (no boots)
Will    +....        f - amulet of the acrobat Stlth
                     i - ring of willpower
HPRegen 0.27/turn    (no ring)
MPRegen 0.09/turn

%: acrobat
@: about to teleport
A: (nimble swimmer 2), mertail
a: no special abilities


You were on level 4 of the Dungeon.
You visited 1 branch of the dungeon, and saw 4 of its levels.

You collected 152 gold pieces.

Inventory:

Hand Weapons
 a - a +1 heavy trident (weapon)
Missiles
 d - 3 throwing nets
 e - a javelin
 p - 2 boomerangs (quivered)
Armour
 b - a +0 leather armour
 c - a +0 helmet (worn)
 h - the +8 chain mail "Enougro" (worn) {rElec rC+ rN++ Str+2 Int-5}
   (You found it on level 2 of the Dungeon)

   Str:       It affects your strength (+2).
   Int:       It affects your intelligence (-5).
   rC:        It protects you from cold.
   rElec:     It insulates you from electricity.
   rN:        It greatly protects you from negative energy.
 q - a +0 cloak (worn)
Jewellery
 f - an amulet of the acrobat (around neck)
 i - a ring of willpower (left hand)
Wands
 j - a wand of roots (7)
Scrolls
 m - 2 scrolls of teleportation
 n - a scroll of amnesia {unknown}
Potions
 g - a potion of might
 k - a potion of brilliance
 l - 3 potions of curing {unknown}
 o - 2 potions of haste {unknown}


   Skills:
 * Level 4.1 Fighting
 + Level 4.9 Polearms
 + Level 2.9 Throwing
 + Level 0.7 Armour
 + Level 4.9 Dodging


You had 4 spell levels left.
You didn't know any spells.
Your spell library contained the following spells:

 Spells                   Type           Power      Damage    Failure   Level
 Magic Dart               Conj           0%         1d3       100%        1
 Searing Ray              Conj           0%         2d4       100%        2
 Gell's Gravitas          Tloc           0%         N/A       100%        3
 Teleport Other           Tloc           0%         N/A       100%        3
 Fulminant Prism          Conj/Hex       0%         3d5       100%        4
 Dispersal                Tloc           0%         N/A       100%        6


Dungeon Overview and Level Annotations

Branches:
Dungeon (4/15)
 Temple: D:4-7

Altars:
Trog

Annotations:
D:4 Blork the orc, Edmund, Grinder


Innate Abilities, Weirdness & Mutations

((You are very nimble when in or above water. (Stealth+, EV+, Speed+++)))
Your lower body shifts to a powerful aquatic tail in water.


Message History

Blork the orc hits you but does no damage.
Blork the orc hits you from afar with a +0 halberd.
Edmund misses you.
You puncture Edmund!
Edmund is moderately wounded.
Blork the orc screams, "I'm going to kill you!"
Blork the orc barely misses you.
Edmund zaps a wand.
You resist with almost no effort.
Grinder blinks!
Blork the orc hits you from afar with a +0 halberd.
You hit Edmund.
Edmund is moderately wounded.
Edmund hits you but does no damage.
Blork the orc hits you but does no damage.
You hit Edmund.
Edmund is heavily wounded.
Edmund zaps a wand.
You resist with almost no effort. Blork the orc barely misses you.
Edmund hits you with a +1 heavy flail!
Blork the orc frowns.
Blork the orc gestures wildly while chanting.
Blork the orc seems to speed up.
You closely miss Edmund.
Edmund is heavily wounded.
Blork the orc closely misses you.
Grinder blinks!
Blork the orc closely misses you. Edmund hits you with a +1 heavy flail.
You hit Edmund but do no damage.
Edmund is heavily wounded.
Blork the orc hits you from afar with a +0 halberd.
* * * LOW HITPOINT WARNING * * *
Blork the orc hits you from afar with a +0 halberd.
* * * LOW HITPOINT WARNING * * *
Edmund hits you but does no damage. Blork the orc barely misses you.
As you read the scroll of teleportation, it crumbles to dust.
You feel strangely unstable.
Blork the orc hits you from afar with a +0 halberd.
* * * LOW HITPOINT WARNING * * *
Edmund zaps a wand.
You resist with almost no effort.
You puncture Edmund!
Edmund is severely wounded.
Blork the orc hits you from afar with a +0 halberd!
You die...

#...g..........
#............
#..........
#........#
#......#
#.....##
#...og.#
#.#.#@##
#####@#####
#........#
##[......##
#..##..#.....
#..##..#.#...
####..## # ..
####..# .
##.<..##
#....)#


You could see Edmund, Blork the orc (fast) and a goblin.

Vanquished Creatures
  A hound (D:4)
  An orc wizard (D:3)
  3 adders
  An ufetubus (D:4)
  A worm (D:2)
  3 dart slugs
  4 orcs
  4 ball pythons
  7 endoplasms
  A giant cockroach (D:3)
  9 goblins
  7 hobgoblins
  3 jackals (D:1)
  7 kobolds
  2 quokkas (D:1)
  5 bats
  3 frilled lizards
  6 rats
68 creatures vanquished.

Notes
Turn   | Place    | Note
-------+----------+-------------------------------------------
     0 | D:1      | loir the Merfolk Gladiator began the quest for the Orb.
     0 | D:1      | Reached XP level 1. HP: 16/16 MP: 1/1
    69 | D:1      | Reached XP level 2. HP: 23/23 MP: 2/2
   347 | D:1      | Reached XP level 3. HP: 26/28 MP: 3/3
   685 | D:2      | Found a bloodstained altar of Trog.
   720 | D:2      | Found a faded altar of an unknown god.
   720 | D:2      | Noticed a golden eye
   775 | D:2      | Noticed a golden eye
   775 | D:2      | Noticed a great orb of eyes
   775 | D:2      | Noticed a floating eye
   865 | D:2      | Identified the +8 chain mail "Enougro" {rElec rC+ rN++
                  | Str+2 Int-5}
   889 | D:2      | Reached XP level 4. HP: 28/35 MP: 4/4
  1406 | D:3      | Reached XP level 5. HP: 42/42 MP: 5/5
  1622 | D:4      | Noticed Edmund
  1622 | D:4      | Noticed Grinder
  1632 | D:4      | Noticed Blork the orc
  1645 | D:4      | Slain by Blork the orc

Illustrated notes

Levels and vault maps discovered:
D:1:      shiori_arrival_elements, layout_basic, hangedman_decor_growths,
          minmay_tripent
D:2:      layout_rooms, hellmonk_ecumenical_altar_watching_god, basic_altar
D:3:      layout_rooms
D:4:      layout_cave_pools, mainiacjoe_overflow_concentric_impassable,
          gup_sewer_entry_spiral, hangedman_decor_slide_cut,
          minmay_starry_boxes, uniq_sigmund, uniq_blork_the_orc, uniq_edmund,
          uniq_grinder

Skill      XL: |  1  2  3  4  5 |
---------------+----------------+-----
Fighting       | 3 4 |  4.1
Polearms       | |  4.9
Throwing       | |  2.9
Armour         | |  0.7
Dodging        | |  4.9

Action                     |  1- 3 |  4- 6 || total
---------------------------+-------+-------++-------
  Melee: Trident           |   144 |    65 ||   209
         Punch             |     1 |       ||     1
  Throw: Boomerang         |       |     2 ||     2
    Use: Scroll            |     4 |     6 ||    10
   Stab: Sleeping          |     1 |     1 ||     2
 Armour: Leather armour    |    28 |     1 ||    29
         Chain mail        |       |    24 ||    24
  Dodge: Dodged            |    94 |    32 ||   126

Table legend: (Time is in decaauts)
 A = Elapsed time spent in this place.
 B = Non-inter-level travel time spent in this place.
 C = Inter-level travel time spent in this place.
 D = Time resting spent in this place.
 E = Time spent auto-exploring this place.
 F = Levels seen in this place.
 G = Mean time per level.
                   A        B        C        D        E       F      G
               +--------+--------+--------+--------+--------+-----+--------+
         Total |   1676 |   1503 |    173 |      0 |   1017 |   4 |  419.0 |
       Dungeon |   1676 |   1503 |    173 |      0 |   1017 |   4 |  419.0 |
               +--------+--------+--------+--------+--------+-----+--------+

Top non-repeatable levels by time:
     D:1: 581 daAuts
     D:2: 540 daAuts
     D:3: 491 daAuts
     D:4: 63 daAuts
